 Dungeon Crawl Stone Soup version 0.19.1 (webtiles) character file.

1694 CanadianGator the Grappler (level 8, -1/70 HPs)
             Began as a Minotaur Monk on Dec 2, 2016.
             Slain by an orc warrior
             ... wielding a +0 halberd
              (12 damage)
             ... on level 7 of the Dungeon on Dec 5, 2016.
             The game lasted 00:12:57 (5523 turns).

CanadianGator the Grappler (Minotaur Monk)          Turns: 5523, Time: 00:12:58

Health: -1/70      AC: 16    Str: 23    XL:     8   Next: 72%
Magic:  7/7        EV:  9    Int:  7    God:
Gold:   207        SH:  0    Dex: 13    Spells: 0 memorised, 7 levels left

rFire  . . .     SeeInvis .       - Unarmed
rCold  . . .     Gourm    .     n - +0 plate armour
rNeg   . . .     Faith    .     (no shield)
rPois  .         Spirit   .     (helmet restricted)
rElec  .         Reflect  .     m - +0 cloak
rCorr  .         Harm     .     j - +0 pair of gloves
MR     .....                    (no boots)
Stlth  ..........               (no amulet)
                                (no ring)
                                (no ring)

@: mighty, very slightly contaminated, hasted and slowed
A: retaliatory headbutt, horns 2
a: no special abilities


You were on level 7 of the Dungeon.
You were not hungry.

You visited 1 branch of the dungeon, and saw 7 of its levels.

You collected 285 gold pieces.
You spent 78 gold pieces at shops.

Inventory:

Armour
 a - a +0 robe
 j - a +0 pair of gloves (worn)
 k - a +0 ring mail
 m - a +0 cloak (worn)
 n - a +0 plate armour (worn)
Wands
 A - a wand of acid (6/15)
 D - a wand of iceblast (6/15)
Scrolls
 e - 3 scrolls of magic mapping
 h - 3 scrolls of teleportation
 l - a scroll of fear {unknown}
 q - 4 scrolls of remove curse
 r - a scroll of amnesia {unknown}
 t - 3 scrolls of recharging
 u - 2 scrolls of immolation {unknown}
 v - a scroll of fog {unknown}
 x - a scroll of random uselessness {unknown}
 B - a scroll of holy word {unknown}
Potions
 c - 2 potions of haste
 i - a potion of agility
 o - a potion of berserk rage
 p - a potion of brilliance
 s - 2 potions of curing
 w - a potion of magic {unknown}
 z - a potion of lignification {unknown}
 C - a potion of mutation {unknown}
Books
 y - a book of Maledictions

   Spells                             Type                      Level
   a - Corona                         Hexes                        1
   b - Ensorcelled Hibernation        Hexes/Ice                    2
   c - Confuse                        Hexes                        3
   d - Tukima's Dance                 Hexes                        3
   e - Dazzling Spray                 Conjuration/Hexes            3
Comestibles
 b - 4 bread rations
 f - 3 fruits
 g - 3 slices of pizza


   Skills:
 + Level 6.1 Fighting
 * Level 7.8 Armour
 + Level 5.8 Dodging
 - Level 1.5 Stealth
 * Level 8.0 Unarmed Combat


You had 7 spell levels left.
You didn't know any spells.

Dungeon Overview and Level Annotations

Branches:
Dungeon (7/15)
 Temple: D:4-7

Altars:

Shops:
D:6 *


Innate Abilities, Weirdness & Mutations

You reflexively headbutt those who attack you in melee.
You have a pair of horns on your head.


Message History

You feel a bit more experienced.
The orc warrior hits you from afar with a halberd.
* * * LOW HITPOINT WARNING * * *
The orc warrior hits you with a halberd.
* * * LOW HITPOINT WARNING * * *
Things that are here:
a dagger; a robe; an orc corpse You punch the orc warrior!
The orc warrior is heavily wounded.
You hit the orc warrior. Your headbutt misses the orc warrior.
You punch the orc warrior, but do no damage.
The orc warrior is heavily wounded.
The orc warrior hits you with a halberd.
* * * LOW HITPOINT WARNING * * *
You barely miss the orc warrior. You headbutt the orc warrior!
The orc warrior is severely wounded.
The orc wizard hits you with a dagger.
* * * LOW HITPOINT WARNING * * *
The orc warrior hits you with a halberd!
You die...

...............
...............
...............
..........?..
............
#..........
#..oo......
#..@.....#
#...†...$#
#........+
#........#
#........#
#........##
#...........
#...........
#...........


You could see an orc warrior and an orc wizard.

Vanquished Creatures
  The ghost of vicissi the Magician, an amateur DECj of Sif Muna (D:5)
  A sky beast (D:7)
  A black bear (D:7)
  A phantom (D:6)
  The ghost of yaymichael the Charmwright, an amateur HESk (D:4)
  A centaur (D:3)
  3 bullfrogs (D:6)
  2 scorpions (D:6)
  A crimson imp (D:3)
  A centaur zombie (D:5)
  5 orc wizards
  2 hounds
  4 orc priests
  A jelly (D:5)
  2 iguanas
  3 worker ants
  5 adders
  8 gnolls (D:3)
  2 shadow imps (D:6)
  An adder skeleton (D:4)
  5 worms
  A dart slug (D:3)
  5 leopard geckos
  30 orcs
  7 bats
  A giant cockroach (D:3)
  7 goblins
  6 hobgoblins
  3 quokkas
  5 frilled lizards
  8 kobolds
  A leopard gecko skeleton (D:4)
  5 rats
130 creatures vanquished.

Notes
Turn   | Place    | Note
-------+----------+-------------------------------------------
     0 | D:1      | CanadianGator the Minotaur Monk began the quest for the Orb.
     0 | D:1      | Reached XP level 1. HP: 19/19 MP: 0/0
   108 | D:1      | Reached XP level 2. HP: 24/27 MP: 1/1
   335 | D:1      | Reached skill level 1 in Armour
   962 | D:2      | Reached XP level 3. HP: 17/33 MP: 2/2
  1745 | D:2      | Reached skill level 4 in Unarmed Combat
  2146 | D:3      | Reached XP level 4. HP: 30/40 MP: 3/3
  2218 | D:3      | Reached XP level 5. HP: 42/46 MP: 4/4
  2348 | D:3      | Noticed a centaur
  2361 | D:3      | Killed a centaur
  2361 | D:3      | Reached skill level 5 in Unarmed Combat
  2570 | D:3      | Reached XP level 6. HP: 39/53 MP: 5/5
  2722 | D:3      | Reached skill level 5 in Armour
  3235 | D:4      | Noticed yaymichael's ghost (amateur HESk)
  3247 | D:4      | Killed yaymichael's ghost
  3247 | D:4      | Reached skill level 5 in Fighting
  3247 | D:4      | Reached XP level 7. HP: 50/61 MP: 6/6
  3467 | D:4      | Reached skill level 6 in Unarmed Combat
  3794 | D:5      | Entered Level 5 of the Dungeon
  4040 | D:5      | Noticed vicissi's ghost (amateur DECj)
  4078 | D:5      | Killed vicissi's ghost
  4078 | D:5      | Reached skill level 5 in Dodging
  4078 | D:5      | Reached XP level 8. HP: 7/69 MP: 7/7
  4554 | D:5      | Reached skill level 7 in Unarmed Combat
  4940 | D:6      | Found Zugoed's General Store.
  4948 | D:6      | Bought a potion of agility for 52 gold pieces
  4948 | D:6      | Bought a scroll of identify for 26 gold pieces
  5519 | D:7      | Reached skill level 8 in Unarmed Combat
  5523 | D:7      | Slain by an orc warrior

Skill      XL: |  1  2  3  4  5  6  7  8 |
---------------+-------------------------+-----
Armour         | 1 2 3 4 5 6 7 |  7.8
Unarmed Combat | 4 5 6 8 |  8.0
Fighting       | 4 5 6 |  6.1
Dodging        | 4 5 |  5.8
Stealth        | |  1.5

Action                   |  1- 3 |  4- 6 |  7- 9 || total
-------------------------+-------+-------+-------++-------
Melee: Unarmed           |    95 |   154 |   208 ||   457
       Headbutt          |    11 |    32 |    44 ||    87
       Punch             |     3 |     1 |     2 ||     6
  Use: Scroll            |       |     3 |     7 ||    10
       Potion            |       |       |     3 ||     3
 Stab: Sleeping          |     7 |       |       ||     7
  Eat: Meat ration       |     1 |       |     1 ||     2
       Chunk             |       |     2 |     3 ||     5
Armor: Robe              |    10 |       |       ||    10
       Plate armour      |    32 |    84 |   103 ||   219
Dodge: Dodged            |    51 |    31 |    49 ||   131
